 Dungeon Crawl Stone Soup version 0.30.1-9-gdf580d7c3d (webtiles) character file.

Game seed: 17686420906463877057

422 Zonian the Covered (level 6, -3/55 HPs)
             Began as an Armataur Fighter on Sept 24, 2023.
             Slain by an orc
             ... wielding a +0 hand axe
              (5 damage)
             ... on level 4 of the Dungeon.
             The game lasted 00:09:17 (4163 turns).

Zonian the Covered (Armataur Fighter)               Turns: 4163, Time: 00:09:17

Health: -3/55      AC:  8    Str: 24    XL:     6   Next: 63%
Magic:  0/6        EV:  8    Int:  8    God:
Gold:   208        SH:  4    Dex:  9    Spells: 5/5 levels left

rFire   + . .        a - +2 flail
rCold   . . .        c - +0 buckler
rNeg    . . .        y - +2 ring mail {rPois}
rPois   +            (no helmet)
rElec   .            (no cloak)
rCorr   .            (no gloves)
SInv    .            (no barding)
Will    .....        t - amulet of guardian spirit
Stlth   +            k - ring of protection from fire
HPRegen 0.29/turn    (no ring)
MPRegen 0.10/turn

%: guardian spirit, roll
@: mighty
A: large, rugged brown scales 3, deformed body, armoured tail, roll, long
tongue, awkward tongue
a: no special abilities


You were on level 4 of the Dungeon.
You visited 1 branch of the dungeon, and saw 4 of its levels.
You also visited: Sewer.

You collected 208 gold pieces.

Inventory:

Hand Weapons
 a - a +2 flail (weapon)
 j - a +1 vampiric dagger
 l - a +2 dagger of holy wrath
Missiles
 v - 22 poisoned darts (quivered)
Armour
 b - a +0 scale mail
 c - a +0 buckler (worn)
 i - a +7 chain mail of ponderousness
 y - a +2 ring mail of poison resistance (worn)
Jewellery
 k - a ring of protection from fire (left hand)
 t - an amulet of guardian spirit (around neck)
Wands
 s - a wand of charming (10)
Scrolls
 f - 4 scrolls of enchant armour {unknown}
 g - 3 scrolls of teleportation
 m - a scroll of vulnerability {unknown}
 n - 3 scrolls of fog {unknown}
 q - 2 scrolls of identify {unknown}
 w - a scroll of enchant weapon
 x - 2 scrolls of summoning
 B - a scroll of brand weapon {unknown}
 C - a scroll of fear {unknown}
Potions
 e - 2 potions of heal wounds {unknown}
 h - 3 potions of curing {unknown}
 o - a potion of magic {unknown}
 p - a potion of cancellation {unknown}
 r - 2 potions of ambrosia {unknown}
 u - a potion of berserk rage {unknown}
 z - a potion of haste {unknown}
 A - a potion of mutation {unknown}


   Skills:
 + Level 4.1 Fighting
 + Level 3.6 Maces & Flails
 + Level 5.4 Armour
 + Level 3.5 Stealth
 - Level 3.5 Shields


You had 5 spell levels left.
You didn't know any spells.
Your spell library contained the following spells:

 Spells                   Type           Power      Damage    Failure   Level
 Sting                    Tmut/Pois      0%         1d3       61%         1
 Poisonous Vapours        Pois/Air       0%         N/A       75%         2
 Olgreb's Toxic Radiance  Pois           0%         N/A       100%        4


Dungeon Overview and Level Annotations

Branches:
Dungeon (4/15)              Sewer (visited)
 Temple: D:4-7

Altars:


Innate Abilities, Weirdness & Mutations

You are completely covered in rugged brown scales. (AC +3, +7% HP)
Armour fits poorly on your strangely shaped body.
You have a long armoured tail.
You roll when moving toward enemies. (Rampage)
Your long tongue fully drains potion bottles. (2x potion effects)
Your tongue gives you trouble enunciating. (1.5x scroll delay)


Message History

Unknown command.
You hit the orc.
The orc is severely wounded.
You block the scorpion's attack. The orc hits you but does no damage.
The orc hits you with a +0 hand axe.
* * * LOW HITPOINT WARNING * * *
The orc hits you but does no damage.
Unknown command.
You closely miss the orc.
The orc is severely wounded.
The scorpion stings you.
* * * LOW HITPOINT WARNING * * *
The orc completely misses you. The orc barely misses you.
You block the orc's attack. The scorpion barely misses you.
Unknown command.
You sock the orc!
You kill the orc!
The orc completely misses you. The orc closely misses you.
The scorpion barely misses you.
Unknown command.
The orc attacks as you move away! The orc hits you with a +0 hand axe.
* * * LOW HITPOINT WARNING * * *
Unknown command.
You feel very mighty all of a sudden.
You slurp down every last drop of the potion of might!
The scorpion stings you.
* * * LOW HITPOINT WARNING * * *
The orc hits you but does no damage. The orc hits you with a +0 hand axe.
* * * LOW HITPOINT WARNING * * *
Unknown command.
You sock the scorpion!
Your tail-slap misses the scorpion.
The scorpion is heavily wounded.
The scorpion barely misses you. The orc hits you with a +0 short sword.
* * * LOW HITPOINT WARNING * * *
The orc barely misses you. The scorpion stings you.
* * * LOW HITPOINT WARNING * * *
The orc hits you with a +0 short sword.
* * * LOW HITPOINT WARNING * * *
The orc hits you with a +0 hand axe.
You die...

........†.#####...# #.......
..........†..##...### # ###.....#
...................##.###.......#
................##...............
...................###...........
...#......##........##...........
..#................#............
....##.....#soo...#.#.........
##.# ##....##@....# #.###..... ##
#....##....?....##..#...
##...............##...#.
#####...............###
##....####.........
.....##...#.......
#.........#....... ###..#..
#........ . #.....#..


You could see a scorpion and 2 orcs.

Vanquished Creatures
  An orc priest (D:4)
  A hound (D:3)
  A jelly (D:4)
  A sleepcap (D:4)
  An orc wizard (D:4)
  13 adders
  5 river rats (Sewer)
  A shadow imp (D:4)
  A worm (D:2)
  2 dart slugs (D:4)
  3 orcs
  14 ball pythons
  7 bats
  6 endoplasms
  5 giant cockroaches
  6 goblins
  8 hobgoblins
  4 jackals (Sewer)
  5 quokkas
  6 frilled lizards
  15 kobolds
  9 rats
115 creatures vanquished.

Notes
Turn   | Place    | Note
-------+----------+-------------------------------------------
     0 | D:1      | Zonian the Armataur Fighter began the quest for the Orb.
     0 | D:1      | Reached XP level 1. HP: 19/19 MP: 1/1
   197 | D:1      | Reached XP level 2. HP: 24/26 MP: 2/2
   472 | D:1      | Reached skill level 4 in Armour
   551 | D:1      | Reached XP level 3. HP: 33/33 MP: 3/3
   999 | D:2      | Reached skill level 1 in Stealth
  1362 | D:2      | Reached XP level 4. HP: 40/40 MP: 4/4
  2212 | D:3      | Reached XP level 5. HP: 47/48 MP: 5/5
  2259 | D:3      | Found a glowing drain.
  2274 | Sewer    | Entered a sewer
  2633 | Sewer    | Reached skill level 5 in Armour
  3718 | D:4      | Reached XP level 6. HP: 50/55 MP: 6/6
  4163 | D:4      | HP: 2/55 [orc/+0 short sword (1)]
  4163 | D:4      | Slain by an orc

Illustrated notes

Levels and vault maps discovered:
D:1:      nagdon_arrival_double_spiral, layout_loops_ring, serial_glass,
          glass_columns_a, glass_columns_a, item_on_display_a,
          item_on_display_b, due_unseen_surprise, item_on_display_a,
          minmay_misc_feat_ornament, dk_noncrumbling_3, hangedman_decor_push
D:2:      layout_loops_corners
D:3:      minmay_door_path, layout_basic, portal_sewer_entry_b
D:4:      layout_cave_pools

Skill      XL: |  1  2  3  4  5  6 |
---------------+-------------------+-----
Maces & Flails | 2 3 |  3.6
Fighting       | 3 4 |  4.1
Armour         | 4 5 |  5.4
Stealth        | 1 2 3 |  3.5
Shields        | |  3.5

Action                     |  1- 3 |  4- 6 || total
---------------------------+-------+-------++-------
  Melee: Flail             |   136 |   256 ||   392
         Tailslap          |     7 |    34 ||    41
    Use: Scroll            |       |     4 ||     4
         Potion            |       |     1 ||     1
 Armour: Scale mail        |    37 |       ||    37
         Chain mail        |    66 |   148 ||   214
         Ring mail         |       |    60 ||    60
  Dodge: Dodged            |    46 |   130 ||   176
  Block: Buckler           |    27 |    52 ||    79
